[Event "Late-Titled-Tuesday-Blitz-September-19-2023"]
[Site "Chess.com"]
[Date "2023.09.19"]
[Round "7"]
[White "Joshukid"]
[Black "Giorno"]
[Result "1/2-1/2"]
[WhiteElo "2563"]
[BlackElo "2475"]
[TimeControl "180+1"]
[EndTime "15:16:22 PDT"]
[Termination "Game drawn by repetition"]

1. Nf3 Nf6 2. c4 e6 3. g3 d5 4. Bg2 Be7 5. O-O O-O 6. b3 c5 7. Bb2 d4 8. e3 Nc6 9. exd4 cxd4 10.
Re1 a5 11. Na3 Bc5 12. Nb5 Qb6 13. Ne5 Nxe5 14. Rxe5 Rd8 15. d3 Bd7 16. Rxc5 Qxc5 17. Bxd4 Qe7 18. Bb6 Rf8 19. d4 Bxb5 20. Bc5 Qd7 21.
Bxf8 Rxf8 22. cxb5 Qxb5 23. Qf1 Qb6 24. Qc4 Rd8 25.
Qc5 Qxc5 26. dxc5 Rc8 27. Bxb7 Rxc5 28. Bf3 Kf8 29. Kg2 Nd5 30. Rd1 Rc2 31. a4 Rc5 32. Rd4 Ke7 33. Bxd5 exd5 34. b4 axb4 35. Rxb4 Ra5 36.
Kf3 Ke6 37. Ke3 Ke5 38. f4+ Kd6 39. Kd4 Ra6 40. Kc3 h5 41. Kb3 Kc6 42. Rb8 Kc5 43. Rc8+ Kd4 44. Kb4 Rb6+ 45. Ka3 Ke3 46. a5 Rb1 47. Ra8 d4 48. a6 d3 49. a7 Kf2 50.
Ka2 Rb6 51. Rd8 Ra6+ 52. Kb3 Rxa7 53. Rxd3 Kg2 54. h4 Re7 55. Kc4 Kf2 56. Kd5 g6 57. Kd6 Re6+ 58. Kd7 Re3 59. Rxe3 Kxe3 60. Ke7 Kf3 61.
Kxf7 Kxg3 62. Kxg6 Kxf4 63. Kxh5 Kf5 64. Kh6 Kf6 65.
Kh7 Kf7 66. h5 Kf8 67. h6 Kf7 68. Kh8 Kf8 69. Kh7 Kf7 70. Kh8 Kf8 71. Kh7 1/2-1/2

[Event "Late-Titled-Tuesday-Blitz-September-19-2023"]
[Site "Chess.com"]
[Date "2023.09.19"]
[Round "7"]
[White "queen_iryna"]
[Black "alexrustemov"]
[Result "1-0"]
[WhiteElo "2388"]
[BlackElo "2747"]
[TimeControl "180+1"]
[EndTime "15:16:23 PDT"]
[Termination "queen_iryna won on time"]

1. e4 e6 2. d4 d5 3. Nc3 Bb4 4.
Ne2 dxe4 5. a3 Bxc3+ 6. Nxc3 Nc6 7. Bb5 Ne7 8. Bg5 f6 9. Be3 a6 10. Ba4 O-O 11. Qd2 Nb8 12. Nxe4 Bd7 13. Bb3 Nd5 14. Nc5 Bc8 15. O-O-O b6 16. Nd3 Kh8 17. Nf4 b5 18. Rhe1 Nc6 19. Qe2 Na5 20. Bxd5 exd5 21. Qh5 Kg8 22.
Qxd5+ Qxd5 23. Nxd5 Bb7 24. Nxc7 Rac8 25. Ne6 Rf7 26. d5 Nc4 27. f3 Ba8 28. Bf4 Rd7 29. d6 Kf7 30. Nc7 Bb7 31. b3 Nxa3 32. Kb2 b4 33.
Re2 Rcd8 34. Rde1 a5 35. Re7+ Kg6 36. Ne6 Rxe7 37. dxe7 Re8 38. Nc7 Kf7 39. Nxe8 Kxe8 40. Bd6 Nb5 41. Bc5 Nc3 42. Re6 Nd5 43. Rd6 Kxe7 44.
Rxd5+ Ke6 45. Rd8 Bc6 46. Bb6 a4 47. bxa4 Bxa4 48. Bc5 b3 49. cxb3 Bb5 50. Rg8 Kf7 51. Rf8+ Ke6 52. Rh8 h6 53. b4 Bf1 54. Rb8 Bxg2 55. f4 Kf5 56. Bd6 Ke6 57. Bc7 Kf5 58. b5 h5 59. b6 h4 60. b7 1-0

[Event "Late-Titled-Tuesday-Blitz-September-19-2023"]
[Site "Chess.com"]
[Date "2023.09.19"]
[Round "7"]
[White "IlanSchnaider"]
[Black "artin10862"]
[Result "0-1"]
[WhiteElo "2758"]
[BlackElo "2926"]
[TimeControl "180+1"]
[EndTime "15:16:25 PDT"]
[Termination "artin10862 won by checkmate"]

1. e4 c5 2. Nf3 d6 3. Bb5+ Bd7 4. Bxd7+ Qxd7 5. c4 Nc6 6. O-O e5 7. Nc3 Be7 8. a3 Bd8 9. d3 Nge7 10. Rb1 O-O 11. b4 f5 12. Nd5 b6 13. bxc5 dxc5 14. Bb2 Ng6 15. exf5 Qxf5 16. Qe2 Bf6 17. Qe4 Qxe4 18.
dxe4 Nd4 19. Nxd4 cxd4 20. a4 Rfc8 21. Rfc1 Rc6 22. Nb4 Rcc8 23. Nd5 Nf8 24. g3 Ne6 25. Ba3 Bg5 26. f4 exf4 27. h4 Bd8 28. gxf4 Bxh4 29.
Kg2 Nc5 30. Kf3 Nxa4 31. Be7 Nc3 32. Bxh4 Nxb1 33. Ne7+ Kf7 34. Nxc8 Nd2+ 35. Ke2 Nxe4 36. Ne7 g5 37. fxg5 Kxe7 38. g6+ Kd6 39. gxh7 Rh8 40. Kd3 Nc5+ 41. Kxd4 Nb3+ 42. Kc3 Nxc1 43. Kc2 Ne2 44. Kd2 Nf4 45. Bg3 Rxh7 46. Bxf4+ Kc5 47. Kd3 Rh3+ 48. Kc2 Kxc4 49. Bb8 a5 50. Bc7 Kb5 51. Bd8 Kc6 52. Kb2 Rd3 53. Be7 b5 54. Kc2 Rh3 55. Kb2 b4 56. Bd8 Kb5 57. Be7 a4 58. Bd6 Kc4 59. Kc2 Rf3 60. Be5 Rf2+ 61. Kc1 a3 62. Bg7 b3 63.
Kd1 b2 64. Ke1 Rc2 65. Bxb2 axb2 66. Kd1 b1=Q# 0-1

[Event "Late-Titled-Tuesday-Blitz-September-19-2023"]
[Site "Chess.com"]
[Date "2023.09.19"]
[Round "7"]
[White "ChessWarrior7197"]
[Black "GadimbayliA"]
[Result "1/2-1/2"]
[WhiteElo "3052"]
[BlackElo "2834"]
[TimeControl "180+1"]
[EndTime "15:16:25 PDT"]
[Termination "Game drawn by stalemate"]

1. d4 d5 2. Nf3 Nc6 3. Bf4 Nf6 4. e3 Bg4 5. Nbd2 e6 6. Bb5 Bd6 7.
O-O O-O 8. Bg5 h6 9. Bh4 Nb8 10. Bd3 Nbd7 11. h3 Bxf3 12. Nxf3 e5 13. dxe5 Nxe5 14.
Nxe5 Bxe5 15. c3 g5 16. Bg3 Bxg3 17. fxg3 Qe7 18. Kh2 Kg7 19. Rf5 c6 20. Qf3 Rae8 21. Rf1 Nd7 22. Bb1 f6 23. Re1 Nc5 24. Qd1 Ne4 25.
Qd4 Qd6 26. Bxe4 Rxe4 27. Qxa7 Rf7 28. Rf3 h5 29. Kg1 c5 30. Ref1 Qc6 31. Qb8 Re8 32. Qa7 b5 33. Qa3 Re4 34. b3 Qd6 35. Qb2 Qe5 36. Qd2 d4 37. exd4 cxd4 38. cxd4 Qxd4+ 39. Qxd4 Rxd4 40. a3 Rd6 41. b4 Ra7 42. Rc1 Kg6 43. Rc5 Rd1+ 44. Kf2 Rd2+ 45. Kf1 Rd1+ 46.
Ke2 Ra1 47. Rxb5 Ra2+ 48. Kf1 R7xa3 49. Rxa3 Rxa3 50. Kf2 Ra2+ 51. Kg1 Rb2 52. Rb8 Rb3 53.
Kh2 Rb1 54. b5 Kg7 55. b6 Kg6 56. h4 g4 57. Rg8+ Kh7 58. Rb8 Kg7 59. Rb7+ Kg6 60. Rb8 Kg7 61. b7 Kh7 62. Rf8 Rxb7 63. Rxf6 Rb1 64.
Rf4 Kg6 65. Re4 Kh6 66. Re6+ Kh7 67. Rd6 Kg7 68. Rd5 Kh6 69. Rxh5+ Kxh5 1/2-1/2

[Event "Late-Titled-Tuesday-Blitz-September-19-2023"]
[Site "Chess.com"]
[Date "2023.09.19"]
[Round "7"]
[White "Laico"]
[Black "Nathan_Filgueiras"]
[Result "1/2-1/2"]
[WhiteElo "2403"]
[BlackElo "2507"]
[TimeControl "180+1"]
[EndTime "15:16:25 PDT"]
[Termination "Game drawn by repetition"]

1. e4 c5 2. Nc3 d6 3. f4 g6 4. Nf3 Bg7 5. Bb5+ Bd7 6. O-O Bxb5 7. Nxb5 Nc6 8. d3 a6 9. Nc3 b5 10. Kh1 Nf6 11. Qe1 Nd4 12. Nxd4 cxd4 13. Ne2 Nd7 14. Qf2 Qb6 15. Bd2 O-O 16. Qh4 Rac8 17.
Rac1 Rc7 18. f5 Ne5 19. Nf4 Qb7 20. Nd5 Rd7 21. f6 exf6 22. Nxf6+ Bxf6 23. Qxf6 Ng4 24. Qh4 Ne3 25. Rf3 d5 26. Bxe3 dxe3 27. Rxe3 d4 28. Rh3 f5 29. Rf3 fxe4 30. Rxf8+ Kxf8 31. dxe4 Rf7 32. Qd8+ Kg7 33. Qxd4+ Kg8 34. Re1 Qc7 35. c3 Qf4 36. h3 Re7 37. e5 Qf5 38. Qd8+ Kf7 39. Qd5+ Qe6 40. Rf1+ Kg7 41. Qxe6 Rxe6 42. Re1 Kf7 43. Kg1 Rc6 44. Kf2 Ke6 45. Re4 a5 46. Ke3 Rc5 47. Kf4 a4 48. Kg5 Rxe5+ 49. Rxe5+ Kxe5 50. Kh6 Ke4 51. Kxh7 Kd3 52. Kxg6 Kc2 53. h4 Kxb2 54. h5 Kxa2 55. h6 a3 56. h7 Kb3 57.
h8=Q a2 58. Qg8+ Kb2 59. Qa8 a1=Q 60. Qxa1+ Kxa1 61. Kf5 Kb2 62. g4 Kxc3 63. g5 b4 64. g6 b3 65. g7 b2 66. g8=Q b1=Q+ 67. Kf6 Qb6+ 68. Kg7 Qd4+ 69. Kh7 Qh4+ 70. Kg7 Qg5+ 71. Kh7 Qh5+ 72. Kg7 Qg5+ 73. Kh7 Qh5+ 74. Kg7 Qg5+ 1/2-1/2

[Event "Late-Titled-Tuesday-Blitz-September-19-2023"]
[Site "Chess.com"]
[Date "2023.09.19"]
[Round "7"]
[White "Mimsychess"]
[Black "PNEPaul"]
[Result "1/2-1/2"]
[WhiteElo "2347"]
[BlackElo "1949"]
[TimeControl "180+1"]
[EndTime "15:16:29 PDT"]
[Termination "Game drawn by repetition"]

1. e4 e5 2. Nf3 Nc6 3. Bc4 Be7 4. d4 exd4 5. Nxd4 d6 6. Nc3 Nf6 7. O-O O-O 8. Nxc6 bxc6 9. Bb3 Be6 10. e5 dxe5 11.
Bxe6 fxe6 12. Qe2 Bd6 13. Bg5 Qe8 14. Bxf6 Rxf6 15. Rad1 Rf8 16. Ne4 Qe7 17. Rd3 Rad8 18. Rfd1 h6 19. g3 a5 20. c4 c5 21. h4 a4 22. a3 Rfe8 23. R1d2 Rf8 24. Qd1 Qe8 25. Nxd6 cxd6 26. Rxd6 Rxd6 27. Rxd6 Qb8 28. Rd7 Qxb2 29.
Qd2 Qxd2 30. Rxd2 Rf3 31. Rd8+ Kh7 32. Rc8 Rxa3 33. Rxc5 Rc3 34. Rxe5 Rxc4 35. Rxe6 a3 36. Ra6 Rc3 37. h5 Rb3 38. Ra8 Rc3 39. Kg2 Rb3 40. g4 Rc3 41. f4 Rc2+ 42. Kg3 a2 43. g5 Rc3+ 44. Kg4 hxg5 45. fxg5 Rc4+ 46. Kf5 Rc5+ 47. Kg4 Rc4+ 48. Kf3 Rc3+ 49. Kf4 Rc4+ 50. Ke5 Rc5+ 51. Kf4 Rc4+ 52. Kg3 Rc3+ 53. Kf2 Rc2+ 54. Ke3 Rc5 55. g6+ Kh6 56. Rxa2 Kxh5 57. Rg2 Rg5 58. Rh2+ Kxg6 59. Kf4 Rf5+ 60. Kg4 Rg5+ 61. Kf4 Rf5+ 62.
Kg4 Rg5+ 63. Kf4 1/2-1/2

[Event "Late-Titled-Tuesday-Blitz-September-19-2023"]
[Site "Chess.com"]
[Date "2023.09.19"]
[Round "7"]
[White "Danishcrown"]
[Black "WilliamAlfaroCaracas"]
[Result "1-0"]
[WhiteElo "2123"]
[BlackElo "2248"]
[TimeControl "180+1"]
[EndTime "15:16:35 PDT"]
[Termination "Danishcrown won on time"]

1. d4 Nf6 2. Bf4 g6 3. Nf3 Bg7 4. e3 O-O 5. Bd3 d6 6. h3 c5 7. c3 Qb6 8. Qc2 Nc6 9. O-O cxd4 10. exd4 Nh5 11. Bh2 e5 12. Nbd2 exd4 13. Nc4 Qd8 14.
Nxd6 dxc3 15. bxc3 Qf6 16. Ne4 Qd8 17. Rad1 Qa5 18.
Bc4 Bf5 19. Rd5 Bxe4 20. Qxe4 Nf6 21. Rxa5 Nxe4 22. Rb5 Nxc3 23. Rxb7 Na5 24. Rc7 Nxc4 25. Rxc4 Nxa2 26. Ra4 Nc3 27. Ra6 Rfe8 28. Bc7 Nd5 29.
Bg3 Nb4 30. Ra4 a5 31. Bc7 Rec8 32. Rxa5 Rxa5 33. Bxa5 Nd5 34. Bd2 Nf6 35. Bg5 Ne4 36. Be3 h5 37. Re1 Rc2 38. Nd4 Ra2 39. Nf3 Nc3 40. Kf1 Kh7 41. Rc1 Nd5 42. Re1 Nxe3+ 43.
Rxe3 Ra1+ 44. Re1 Ra2 45. Re2 Rxe2 46. Kxe2 Bf6 47. Ne1 g5 48. g4 h4 49. Kf3 Kg6 50. Ke4 Be7 51. Nd3 Bd6 52. f3 Bg3 53. Kd5 Kf6 54. Nc5 Bf4 55. Ne4+ Kg6 56. Nc3 Bd2 57.
Ne2 Bf4 58. Ke4 Bd6 59. Nd4 Be7 60. Nf5 Bf8 61. Ne3 Bg7 62. Nd5 Bh8 63. Nb6 Bg7 64. Nd7 Kh7 65. Kf5 Kh6 66. Nf6 Bh8 67. Ne4 Bg7 68.
Nxg5 f6 69. Ne4 Bh8 70. Nxf6 Bg7 71. Ne4 Bf8 72. f4 Bc5 73. Ng5 1-0

[Event "Late-Titled-Tuesday-Blitz-September-19-2023"]
[Site "Chess.com"]
[Date "2023.09.19"]
[Round "7"]
[White "SCIM"]
[Black "leoduarte"]
[Result "1/2-1/2"]
[WhiteElo "2567"]
[BlackElo "2505"]
[TimeControl "180+1"]
[EndTime "15:16:47 PDT"]
[Termination "Game drawn by stalemate"]

1. Nf3 d5 2. g3 Bf5 3. Bg2 Nf6 4. c4 c6 5. O-O h6 6. cxd5 cxd5 7. Qb3 Qb6 8. Nc3 e6 9. Qa4+ Nbd7 10. d3 Be7 11.
Be3 Qxb2 12. Nb5 O-O 13. Nfd4 Qb4 14. Qxb4 Bxb4 15. Nxf5 exf5 16. Nc7 Rac8 17. Nxd5 Nxd5 18. Bxd5 b6 19. Rac1 Nc5 20. d4 Ne4 21. Bxe4 fxe4 22. Bf4 Rfd8 23. e3 Kf8 24. g4 Ke7 25. Kg2 Bd2 26. Rcd1 Rc2 27. a4 g5 28. Bg3 Bxe3 29. Rfe1 Bf4 30. Rxe4+ Kf8 31. Bxf4 gxf4 32. Rxf4 Ra2 33.
d5 Rd6 34. Rd3 f6 35. h4 Re2 36. g5 hxg5 37. hxg5 Kg7 38. gxf6+ Kf7 39. Kf3 Re5 40.
Rfd4 Kxf6 41. Rf4+ Ke7 42. Rfd4 Kf6 43. Kg2 Rg5+ 44. Kf1 Re5 45. Rf3+ Ke7 46. Rfd3 Kf6 47. Rf4+ Ke7 48. Rh4 Rdxd5 49. Rxd5 Rxd5 50. Rh7+ Kf6 51. Rxa7 Rd4 52. Ra6 Kf5 53. Rxb6 Rxa4 54. Rb5+ Kf6 55. Rb3 Rc4 56. Kg2 Ra4 57. Kg3 Rc4 58. Rf3+ Kg6 59. Ra3 Rc5 60. Ra6+ Kf5 61. Ra4 Rb5 62. f3 Rd5 63.
Rh4 Kf6 64. Rh6+ Kf7 65. Rh7+ Kf8 66. Kg4 Rb5 67. f4 Rb6 68. Ra7 Rc6 69. Kg5 Rb6 70.
f5 Rc6 71. Rb7 Ra6 72. Rc7 Rb6 73. Rc4 Ra6 74. Rg4 Rb6 75. f6 Kf7 76. Rf4 Rb5+ 77. Rf5 Rxf5+ 78. Kxf5 Kf8 79. Ke5 Kf7 80. Kf5 Kf8 81.
Ke6 Ke8 82. f7+ Kf8 83. Kf6 1/2-1/2

[Event "Late-Titled-Tuesday-Blitz-September-19-2023"]
[Site "Chess.com"]
[Date "2023.09.19"]
[Round "7"]
[White "Msb2"]
[Black "nihalsarin"]
[Result "0-1"]
[WhiteElo "3097"]
[BlackElo "3116"]
[TimeControl "180+1"]
[EndTime "15:18:03 PDT"]
[Termination "nihalsarin won by checkmate"]

1. d4 a6 2. c4 b5 3. Nc3 b4 4. Ne4 Bb7 5. Nc5 Bc6 6. d5 e6 7. Nb3 Ba4 8. e4 Nf6 9. Bd3 exd5 10. cxd5 Bc5 11. Nf3 O-O 12. O-O d6 13. Bg5 Nbd7 14. Rc1 h6 15. Bh4 Re8 16. Bc2 Bxb3 17. axb3 g5 18.
Nxg5 hxg5 19. Bxg5 Qe7 20. Kh1 Qe5 21. f4 Qd4 22.
Qf3 Nxe4 23. Bxe4 Qxe4 24. Qg3 Qg6 25. f5 Qg7 26. Rc4 f6 27. Rcf4 Kf7 28. Rh4 fxg5 29. f6 Nxf6 30. Rh5 Re5 31. Qh3 Kg6 32. Rh6+ Qxh6 33.
Rxf6+ Kxf6 34. Qxh6+ Kf5 35. Qh7+ Kf4 36. g3+ Ke3 37. Kg2 Rf8 38. Qc2 Rxd5 39. Qc1+ Rd2+ 40. Kh3 Kf3 41. Qf1+ Bf2 42. Qg2+ Ke3 43. Kg4 Rd4+ 44. Kxg5 Re8 45. Qf1 Re5+ 46. Kg6 Rd2 47. Qc1 Ke2 48.
Qc4+ Kd1 49. Qxb4 Bc5 50. Qg4+ Kc1 51. h4 Kxb2 52. h5 Rdd5 53. Qf3 Rg5+ 54. Kf6 Rxh5 55. Qe2+ Kxb3 56. Qf3+ Kb4 57. Qe4+ Rd4 58. Qb1+ Kc3 59.
Qa1+ Kc2 60. Qa2+ Kd1 61. Qb1+ Ke2 62. Qc2+ Kf3 63. Qc3+ Kg4 64. Qc1 Rf5+ 65. Ke7 Re5+ 66. Kd7 Kxg3 67. Qg1+ Kf3 68. Qf1+ Ke4 69. Kc6 a5 70. Qe2+ Kf5 71. Qf3+ Rf4 72. Qh5+ Ke4 73. Qe2+ Be3 74. Qc2+ Kf3 75. Qd1+ Kf2 76. Qc2+ Kg3 77. Qg6+ Rg4 78. Qd3 a4 79. Kxc7 Rd4 80. Qg6+ Kf2 81. Qc2+ Bd2 82. Qb2 Rc5+ 83. Kd7 Ke3 84. Qa3+ Rc3 85.
Qa1 a3 86. Qg1+ Kd3 87. Qb1+ Kc4 88. Kc6 Rb3 89. Qc2+ Kb4 90. Kb6 Bc3 91. Ka6 Rc4 92. Qf5 Rc6+ 93. Kb7 Rc5 94. Qe4+ Ka5+ 95. Ka7 a2 96.
Qd3 Rc7+ 97. Ka8 Rc8+ 98. Ka7 a1=Q 99. Qa6+ Kb4 100. Qa4+ Qxa4+ 101. Kb7 Qc6+ 102. Ka7 Ra8# 0-1

[Event "Late-Titled-Tuesday-Blitz-September-19-2023"]
[Site "Chess.com"]
[Date "2023.09.19"]
[Round "7"]
[White "atigerman"]
[Black "Njal28"]
[Result "1/2-1/2"]
[WhiteElo "2707"]
[BlackElo "3095"]
[TimeControl "180+1"]
[EndTime "15:19:10 PDT"]
[Termination "Game drawn by repetition"]

1. e4 c5 2. Nf3 Nc6 3. Nc3 e6 4. Bb5 Nd4 5. O-O a6 6. Bd3 Nc6 7. e5 f5 8. Re1 b5 9. Bf1 Bb7 10. d4 cxd4 11. Nxd4 Nxd4 12. Qxd4 Ne7 13. Bg5 Nc6 14. Qd2 Be7 15. Bxe7 Qxe7 16. Ne2 Nxe5 17. Nd4 Qf6 18. Qf4 Ng6 19. Qd6 e5 20. Qc7 Bc6 21. Rad1 O-O 22. Nxc6 Qxc6 23. Rxd7 Qxc7 24. Rxc7 Rfc8 25.
Rxc8+ Rxc8 26. c3 Rd8 27. c4 Rd2 28. cxb5 axb5 29. Bxb5 Rxb2 30. a4 Kf8 31. Ra1 Ne7 32. Bd7 Rb7 33. Be6 g6 34. a5 Ra7 35. a6 Nc6 36.
Bc8 Ke7 37. Bb7 Nd8 38. Bc8 Nc6 39. Kf1 e4 40. h4 Kd6 41. g3 Rc7 42. Rd1+ Ke7 43.
Bb7 Na7 44. Rb1 Ke6 45. Ke2 Ke5 46. Ba8 Rc2+ 47. Ke1 Ra2 48. Bb7 h6 49. Rc1 g5 50.
hxg5 hxg5 51. Rc5+ Kf6 52. Rd5 Ra1+ 53. Ke2 Ra2+ 54. Kf1 f4 55. gxf4 gxf4 56. Rd4 Ra1+ 57. Kg2 f3+ 58. Kg3 Rg1+ 59. Kf4 Nb5 60. Rxe4 Nc3 61.
Rc4 Nb5 62. Kxf3 Ra1 63. Rf4+ Ke5 64. Rb4 Nd6 65. Kg2 Ra3 66. Rb6 Nf5 67. Bc8 Nh4+ 68. Kh2 Nf3+ 69. Kg2 Nh4+ 70. Kf1 Nf3 71. Rb5+ Kd6 72.
Bb7 Nd2+ 73. Ke2 Nc4 74. Rb4 Kc5 75. Rb1 Ra2+ 76. Ke1 Ne5 77. Rc1+ Kd4 78. Rd1+ Nd3+ 79. Kf1 Rxf2+ 80. Kg1 Ra2 81. Rf1 Ke5 82. Rd1 Nf4 83. Re1+ Kf5 84. Rf1 Kg5 85. Re1 Kh4 86. Re3 Ne2+ 87. Kf2 Nd4+ 88. Kf1 Nf5 89. Re4+ Kg5 90. Ke1 Kf6 91. Kd1 Nd6 92. Re3 Nb5 93. Kc1 Ra5 94.
Kb2 Nd6 95. Rf3+ Ke5 96. Re3+ Kd4 97. Rh3 Nc4+ 98. Kb1 Ne3 99. Rh4+ Kd3 100. Rb4 Nc4 101. Rb3+ Kd4 102. Rb4 Kc5 103. Rb3 Nd2+ 104. Kb2 Nxb3 105. Kxb3 Kb6 106. Kb4 Rg5 107. Kc4 Rg4+ 108. Kd5 Ra4 109. Ke5 Ra3 110. Kd4 Kb5 111. Kd5 Kb6 112. Kd6 Ra5 113. Kd7 Rc5 114. Kd6 Rc1 115. Kd5 Rd1+ 116. Ke5 Kc7 117. Ke4 Rd8 118. Ke5 Rd2 119. Ke4 Ra2 120. Kd4 Kd6 121. Kc4 Ra4+ 122. Kb5 Ra1 123. Kb4 Rb1+ 124. Kc4 Rc1+ 125. Kd3 Ra1 126. Kc2 Kc5 127. Kb2 Ra4 128. Kb3 Ra5 129. Kc3 Ra3+ 130. Kd2 Kd4 131. Ke2 Ra5 132. Kf3 Ke5 133. Ke3 Ra3+ 134. Ke2 Kd4 135. Kf2 Kc5 136. Ke2 Kb6 137. Kd2 Ka7 138. Kc2 Rg3 139. Kd2 Kb6 140. Ke2 Ra3 141. Kd2 Kc5 142. Kc2 Kc4 143. Kb2 Rb3+ 144. Kc2 Ra3 145. Kd2 Kd4 146. Ke2 Re3+ 147. Kf2 Ra3 148. Ke2 1/2-1/2

[Event "Late-Titled-Tuesday-Blitz-September-19-2023"]
[Site "Chess.com"]
[Date "2023.09.19"]
[Round "7"]
[White "Angry_Twin"]
[Black "Mops_2004"]
[Result "1/2-1/2"]
[WhiteElo "2950"]
[BlackElo "2809"]
[TimeControl "180+1"]
[EndTime "15:19:53 PDT"]
[Termination "Game drawn by 50-move rule"]

1. e4 g6 2. d4 Bg7 3. Nc3 d6 4. f4 Nf6 5. Nf3 c5 6. Bb5+ Bd7 7. e5 Ng4 8. e6 fxe6 9. Ng5 Bxb5 10. Nxe6 Bxd4 11. Nxb5 Qa5+ 12. c3 Bf2+ 13. Kd2 Be3+ 14. Ke1 Bf2+ 15. Kd2 Be3+ 16. Kc2 Qa4+ 17. Kb1 Qxd1 18.
Rxd1 Kd7 19. Nec7 a6 20. Nxa8 axb5 21. Nb6+ Kc6 22. Nd5 Bxc1 23. Kxc1 e6 24. h3 Nf2 25. Rf1 Nd3+ 26. Kc2 Nxb2 27. Ne7+ Kd7 28. Nxg6 hxg6 29.
Kxb2 Nc6 30. a3 Na5 31. Rf2 Ra8 32. a4 Nc4+ 33. Kb3 Nb6 34. a5 Nc4 35. Rfa2 Ra6 36.
g4 Ne3 37. Re1 Nd5 38. Rf1 Ne3 39. Rh1 Ke7 40. h4 Nxg4 41. Rg2 Ne3 42. Rxg6 Rxa5 43.
Re1 Nc4 44. Rexe6+ Kd7 45. Ref6 Ra1 46. Kc2 Rh1 47.
Rg7+ Kc6 48. Rff7 Rh2+ 49. Kc1 Kd5 50. Rxb7 Rh1+ 51. Kc2 Rh2+ 52. Kd1 Ke4 53. Rxb5 Kf3 54. Kc1 Ke3 55. Rg3+ Kxf4 56. Rd3 Ke4 57. Rd1 Rxh4 58. Rb8 Rh3 59. Re8+ Ne5 60. Rxd6 Rxc3+ 61. Kd2 Rf3 62. Rde6 Rf2+ 63. Kc3 Rf3+ 64. Kc2 Rf5 65. R6e7 Kd5 66. Rd8+ Ke4 67. Kc3 c4 68. Rde8 Rf3+ 69. Kc2 Rf2+ 70. Kc3 Rf5 71. Kb4 Kd4 72. Rd8+ Ke4 73. Kc3 Kf4 74. Rde8 Rg5 75. Rf8+ Ke4 76. Rfe8 Rg3+ 77. Kc2 Rg5 78. Ra8 Kd4 79. Rd8+ Ke4 80. Rc7 Rg2+ 81. Kc3 Rg3+ 82. Kd2 Rg2+ 83. Ke1 Nd3+ 84. Kd1 Ke3 85. Re7+ Kf3 86. Rf8+ Nf4 87. Ref7 Rg4 88. Kc2 Ke3 89. Re8+ Kf3 90. Re5 Rg2+ 91. Kc3 Rg1 92. Kxc4 Rc1+ 93.
Kb3 Rb1+ 94. Kc2 Rf1 95. Re8 Kg3 96. Rg7+ Kf3 97. Rf8 Rf2+ 98. Kd1 Rf1+ 99. Kd2 Rf2+ 100.
Ke1 Re2+ 101. Kf1 Rf2+ 102. Kg1 Re2 103. Kh1 Re3 104. Rg1 Ke4 105. Rg4 Rf3 106. Kh2 Ke5 107. Rg5+ Ke4 108. Rg4 Ke5 109. Rg3 Rxg3 110. Kxg3 Nd5 111. Re8+ Kd4 112. Kf3 Nc3 113. Rd8+ Nd5 114. Rd7 Ke5 115. Rh7 Kd4 116. Rh5 Nc3 117. Rh4+ Ke5 118. Ke3 Nd5+ 119. Kf3 Nc3 120. Rc4 Nd5 121. Ra4 Nc3 122. Ra5+ Nd5 123. Ke2 Kd4 124. Kd2 Nc3 125. Rh5 Ne4+ 126. Kc2 Ke3 127. Rh3+ Kd4 128. Rd3+ Kc4 129. Rd8 Nc5 130. Kd2 Ne6 131. Rd6 Nd4 132. Rd8 Nb3+ 133. Ke3 Nc5 134. Rd4+ Kc3 135. Rh4 Nb3 136. Rh8 Kc4 137. Rc8+ Nc5 138. Rd8 Nb3 139. Rd1 Nc5 140. Rc1+ Kd5 141. Rh1 Kc4 142. Rh4+ Kd5 143. Rh5+ Kc4 144. Rg5 Nb3 145. Rg8 Nc5 146. Kd2 Kd5 147. Kc3 Ne4+ 148. Kd3 Nc5+ 149. Ke3 Ne6 150. Rh8 Nc5 151. Rh5+ Kc4 152. Re5 Nb3 153. Re4+ Kc5 154. Rh4 Na5 155. Rh5+ Kb4 156. Kd4 Nb3+ 157. Kd5 Kc3 158. Rh3+ Kc2 159. Kc4 Nd2+ 160. Kd4 1/2-1/2

[Event "Late-Titled-Tuesday-Blitz-September-19-2023"]
[Site "Chess.com"]
[Date "2023.09.19"]
[Round "8"]
[White "Mimsychess"]
[Black "AlexNovitz"]
[Result "1-0"]
[WhiteElo "2353"]
[BlackElo "2238"]
[TimeControl "180+1"]
[EndTime "15:22:22 PDT"]
[Termination "Mimsychess won by resignation"]

1. e4 e6 2. d3 d5 3. Qe2 dxe4 4. dxe4 c5 5. f4 Nc6 6. c3 Nf6 7. Nf3 Be7 8. Qc2 O-O 9. Bb5 Qb6 10. Na3 Qa6 11.
Bxa6 1-0

[Event "Late-Titled-Tuesday-Blitz-September-19-2023"]
[Site "Chess.com"]
[Date "2023.09.19"]
[Round "8"]
[White "FairChess_on_YouTube"]
[Black "artin10862"]
[Result "1/2-1/2"]
[WhiteElo "3077"]
[BlackElo "2929"]
[TimeControl "180+1"]
[EndTime "15:23:13 PDT"]
[Termination "Game drawn by agreement"]

1. c4 e6 2. Nf3 Nf6 3. g3 d5 4. cxd5 exd5 5. Bg2 Bd6 6. O-O O-O 7. d3 h6 8. Nc3 Re8 9. Re1 Nc6 10. Nb5 Bb4 11. Bd2 Bg4 12. Rc1 Bxf3 13. Bxf3 Bxd2 14. Qxd2 a6 15.
Nc3 Nd4 16. Bg2 c6 17. e3 Nf5 18. d4 Nd6 19. Qc2 h5 20. h4 g6 21. Bf3 Kg7 22. Kg2 1/2-1/2

[Event "Late-Titled-Tuesday-Blitz-September-19-2023"]
[Site "Chess.com"]
[Date "2023.09.19"]
[Round "8"]
[White "IvanRadivojevic"]
[Black "maciek_92"]
[Result "0-1"]
[WhiteElo "2562"]
[BlackElo "2749"]
[TimeControl "180+1"]
[EndTime "15:23:31 PDT"]
[Termination "maciek_92 won by checkmate"]

1. e4 c5 2. Nc3 Nc6 3. Bb5 Nd4 4.
Nf3 e6 5. O-O a6 6. Bd3 Nc6 7.
Re1 g5 8. Kh1 g4 9. Ng1 h5 10.
Bf1 Bg7 11. Nce2 Nge7 12. c3 d5 13. exd5 Nxd5 14. d4 cxd4 15. Nxd4 Nxd4 16. cxd4 Bd7 17. Ne2 Qf6 18. Kg1 h4 19. Nc3 g3 20. fxg3 hxg3 21. Nxd5 Qf2+ 22. Kh1 Rxh2# 0-1

[Event "Late-Titled-Tuesday-Blitz-September-19-2023"]
[Site "Chess.com"]
[Date "2023.09.19"]
[Round "8"]
[White "Botvinnak"]
[Black "szachmistrz2500"]
[Result "1-0"]
[WhiteElo "2339"]
[BlackElo "2476"]
[TimeControl "180+1"]
[EndTime "15:23:44 PDT"]
[Termination "Botvinnak won by resignation"]

1. b3 Nf6 2. Bb2 d6 3. e3 Nbd7 4. Nf3 g6 5. c4 Bg7 6. Be2 O-O 7.
O-O e5 8. d3 c6 9. Qc2 Qe7 10.
Nbd2 Re8 11. a3 Nf8 12. b4 h5 13. Rfd1 N8h7 14. b5 c5 15. Ne4 b6 16. Nc3 Bb7 17. e4 Nd7 18. a4 Rf8 19. a5 f5 20. a6 Bc8 21. Nd5 Qd8 22. exf5 gxf5 23. Nd2 Ndf6 24. Bf3 Rb8 25. Re1 Be6 26. Nf1 Bxd5 27. cxd5 Ng5 28. Qe2 Qe8 29. Ne3 Qg6 30. Nc4 Nh3+ 31. Kh1 Nf4 32. Qf1 N6xd5 33. g3 e4 34. dxe4 Bxb2 35. Nxb2 Nb4 36. gxf4 Nc2 37. Qc4+ 1-0

[Event "Late-Titled-Tuesday-Blitz-September-19-2023"]
[Site "Chess.com"]
[Date "2023.09.19"]
[Round "8"]
[White "Abund"]
[Black "stolencandy13"]
[Result "1-0"]
[WhiteElo "2774"]
[BlackElo "2570"]
[TimeControl "180+1"]
[EndTime "15:23:49 PDT"]
[Termination "Abund won by resignation"]

1. e4 c6 2. d4 d5 3. exd5 c5 4. dxc5 Nf6 5. Nc3 Nbd7 6. Be3 g6 7.
Nf3 Bg7 8. Bc4 O-O 9. O-O Nxc5 10. Bxc5 Qc7 11. b4 b6 12. Nb5 Qf4 13. Bd4 Bg4 14.
h3 Bxf3 15. Qxf3 Qg5 16. Rad1 Rac8 17. Bb3 h5 18. Nxa7 Rcd8 19. Nc6 Rd7 20. Rfe1 Re8 21. Bxb6 h4 22. Be3 1-0

[Event "Late-Titled-Tuesday-Blitz-September-19-2023"]
[Site "Chess.com"]
[Date "2023.09.19"]
[Round "8"]
[White "Chessbard1972"]
[Black "TatjanaVasilevich"]
[Result "0-1"]
[WhiteElo "2367"]
[BlackElo "2554"]
[TimeControl "180+1"]
[EndTime "15:24:16 PDT"]
[Termination "TatjanaVasilevich won by resignation"]

1. d4 Nf6 2. c4 e6 3. Nf3 Bb4+ 4. Nbd2 O-O 5. a3 Bxd2+ 6. Bxd2 d6 7. Bf4 Qe7 8. h3 Nc6 9. e3 e5 10. dxe5 dxe5 11.
Bh2 Bf5 12. Be2 Rad8 13. Qa4 a6 14. O-O e4 15. Ne1 Rd2 16. Bd1 Rfd8 17. Bc2 Qd7 18. f3 Bxh3 19. Rc1 Bxg2 20. Nxg2 Qh3 21. Rf2 Rxf2 22. Kxf2 Rd2+ 23. Ke1 Qxg2 0-1

[Event "Late-Titled-Tuesday-Blitz-September-19-2023"]
[Site "Chess.com"]
[Date "2023.09.19"]
[Round "8"]
[White "kleopl"]
[Black "Joshukid"]
[Result "0-1"]
[WhiteElo "2461"]
[BlackElo "2569"]
[TimeControl "180+1"]
[EndTime "15:24:21 PDT"]
[Termination "Joshukid won by checkmate"]

1. e4 c5 2. Nf3 d6 3. Bb5+ Nd7 4. a4 Nf6 5. Nc3 g6 6. O-O Bg7 7. Re1 O-O 8. h3 a6 9. Bf1 b6 10. d4 cxd4 11. Nxd4 Bb7 12. Bg5 h6 13. Bh4 Rc8 14.
Rc1 Ne5 15. Bxf6 Bxf6 16. Nd5 Bg7 17. b3 e6 18. Nf4 Qg5 19. Ndxe6 fxe6 20. Nxe6 Qf6 21.
Nxf8 Rxf8 22. f3 Qg5 23. Kh1 h5 24. Qxd6 Qg3 25. Qxb6 Bh6 26. Qxb7 Bf4 27. Kg1 Nxf3+ 28. Kh1 Qh2# 0-1

[Event "Late-Titled-Tuesday-Blitz-September-19-2023"]
[Site "Chess.com"]
[Date "2023.09.19"]
[Round "8"]
[White "WelshTiger"]
[Black "floplover"]
[Result "0-1"]
[WhiteElo "2373"]
[BlackElo "2316"]
[TimeControl "180+1"]
[EndTime "15:24:27 PDT"]
[Termination "floplover won by checkmate"]

1. e4 e5 2. Nf3 Nc6 3. d4 exd4 4. Bc4 Nf6 5. e5 d5 6. Bb5 Nd7 7. O-O Be7 8. Bxc6 bxc6 9. Nxd4 Nb8 10. Nc3 a5 11. Re1 c5 12. Ndb5 O-O 13. Qxd5 Ra6 14.
Qxd8 Rxd8 15. Nxc7 Rg6 16. N7d5 Nc6 17. Be3 Bf8 18. Rad1 Bb7 19. f4 Nd4 20. f5 Nxf5 21.
Nf6+ gxf6 22. Rxd8 Rxg2+ 23. Kf1 Rxh2 24. exf6 Ng3+ 25.
Kg1 Rg2# 0-1